 Dungeon Crawl Stone Soup version 0.31.0-32-g396128a36d (webtiles) character file.

Game seed: 17482191368419418579

71 starfall the Conjurer (level 4, 0/24 HPs)
             Began as a Deep Elf Conjurer on Mar 19, 2024.
             Slain by a gnoll
             ... wielding a +0 spear
              (4 damage)
             ... on level 2 of the Dungeon on Mar 23, 2024.
             The game lasted 00:01:43 (1423 turns).

starfall the Conjurer (Deep Elf Conjurer)           Turns: 1423, Time: 00:01:44

Health: 0/24       AC:  2    Str:  4    XL:     4   Next: 5%
Magic:  4/11       EV: 13    Int: 25    God:
Gold:   110        SH:  0    Dex: 13    Spells: 7/10 levels left

rFire   . . .        (no weapon)
rCold   . . .        (no shield)
rNeg    . . .        a - +0 robe
rPois   .            (no helmet)
rElec   .            (no cloak)
rCorr   .            (no gloves)
SInv    .            (no boots)
Will    .....        (no amulet)
Stlth   ++           (no ring)
HPRegen 0.24/turn    (no ring)
MPRegen 0.12/turn

%: no passive effects
@: no status effects
A: no striking features
a: no special abilities


You were on level 2 of the Dungeon.
You visited 1 branch of the dungeon, and saw 2 of its levels.

You collected 110 gold pieces.

Inventory:

Armour
 a - a +0 robe (worn)
Scrolls
 c - 3 scrolls of identify {unknown}
 d - a scroll of revelation {unknown}
 f - 3 scrolls of noise {unknown}
Potions
 b - a potion of magic
 e - a potion of heal wounds {unknown}


   Skills:
 + Level 3.3 Dodging
 + Level 3.6 Stealth
 + Level 3.9 Spellcasting
 + Level 4.8 Conjurations


You had 7 spell levels left.
You knew the following spells:

 Your Spells              Type           Power      Damage    Failure   Level
a - Magic Dart            Conj           100%       1d8       1%          1
b - Searing Ray           Conj           58%        2d6       1%          2

Your spell library contained the following spells:

 Spells                   Type           Power      Damage    Failure   Level
 Fulminant Prism          Conj/Alch      8%         3d7       32%         4
 Iskenderun's Mystic Bla  Conj/Tloc      17%        2d5       32%         4


Dungeon Overview and Level Annotations

Branches:
Dungeon (2/15)

Altars:


Message History

A gnoll comes into view. It is wielding a +0 spear.
The magic dart hits the gnoll.
The gnoll is moderately wounded.
The magic dart hits the gnoll.
The gnoll is severely wounded.
The magic dart hits the gnoll.
The gnoll is almost dead.
The magic dart hits the gnoll.
You kill the gnoll!
A rat comes into view.
You have reached level 4!
You feel clever.
The magic dart hits the gnoll but does no damage.
The magic dart hits the gnoll.
The gnoll is moderately wounded.
The gnoll misses you.
You are out of magic!
The gnoll attacks as it pursues you!
The gnoll hits you from afar with a +0 spear.
The gnoll attacks as it pursues you!
The gnoll hits you from afar with a +0 spear.
Okay, then.
The gnoll attacks as it pursues you! The gnoll closely misses you.
The gnoll attacks as it pursues you! The gnoll closely misses you.
The gnoll attacks as it pursues you! The gnoll closely misses you.
The gnoll hits you from afar with a +0 spear.
The gnoll hits you from afar with a +0 spear.
* * * LOW HITPOINT WARNING * * *
The gnoll attacks as it pursues you! The gnoll misses you.
The gnoll attacks as it pursues you!
The gnoll hits you from afar with a +0 spear.
* * * LOW HITPOINT WARNING * * *
The gnoll attacks as it pursues you! The gnoll hits you but does no damage.
The gnoll attacks as it pursues you!
The gnoll hits you from afar with a +0 spear.
* * * LOW HITPOINT WARNING * * *
You see here a +0 short sword.
The gnoll attacks as it pursues you!
The gnoll hits you from afar with a +0 spear.
You die...

..†..........#####.##.#.......
............r...##............
.............##.##.##.#.......
#####†..####..........#.......
#...# #.##.....######....
#...# #.##.r.###~~~~# #..
#...# #.#.)g###~~~~~~ . #...#
#.##.........~~ ##.##
#....@........~ #####.###
#.........~~... #.†.....#
#..##....~..~~.
#.###.#.###..##....~....~
##.##................~~⌠..
....#.##.###..#.......⌠~~.
##.......# #.......~~....~
###.#.#### #......~..~~..
.......# ##.....~....


You could see a gnoll and a rat.

Vanquished Creatures
  A gnoll (D:2)
  An adder (D:2)
  A ribbon worm (D:2)
  2 dart slugs (D:1)
  3 endoplasms (D:1)
  7 goblins
  4 hobgoblins
  3 jackals (D:1)
  4 kobolds
  3 quokkas (D:1)
  2 ball pythons
  3 bats (D:1)
  5 frilled lizards
  7 rats
46 creatures vanquished.

Notes
Turn   | Place    | Note
-------+----------+-------------------------------------------
     0 | D:1      | starfall the Deep Elf Conjurer began the quest for the Orb.
     0 | D:1      | Reached XP level 1. HP: 10/10 MP: 6/6
   268 | D:1      | Reached XP level 2. HP: 15/15 MP: 6/8
   274 | D:1      | Learned a level 2 spell: Searing Ray
   686 | D:1      | Reached XP level 3. HP: 19/19 MP: 3/10
  1393 | D:2      | Reached XP level 4. HP: 24/24 MP: 2/11
  1423 | D:2      | Slain by a gnoll

Illustrated notes

Levels and vault maps discovered:
D:1:      lightli_arrival_lavapool, layout_basic, minivault_26
D:2:      cheibrodos_helix_gallery, layout_loops_cross, minivault_5

Skill      XL: |  1  2 |
---------------+-------+-----
Stealth        | 3 |  3.6
Dodging        | 3 |  3.3
Spellcasting   | |  3.9
Conjurations   | |  4.8

Action                     |  1- 3 |  4- 6 || total
---------------------------+-------+-------++-------
   Cast: Magic Dart        |    82 |     2 ||    84
 Armour: Robe              |     2 |     8 ||    10
  Dodge: Dodged            |     3 |     5 ||     8
